 Dungeon Crawl Stone Soup version 0.22-a0-388-g09e6169 (webtiles) character file.

42 sankara the Grave Robber (level 3, -2/26 HPs)
             Began as a Ghoul Necromancer on Apr 29, 2018.
             Slain by a goblin (4 damage)
             ... led by Robin
             ... on level 2 of the Dungeon.
             The game lasted 00:06:26 (1617 turns).

sankara the Grave Robber (Ghoul Necromancer)        Turns: 1617, Time: 00:06:27

Health: -2/26      AC:  2    Str: 11    XL:     3   Next: 56%
Magic:  2/5        EV: 12    Int: 11    God:
Gold:   67         SH:  0    Dex:  9    Spells: 5/7 levels left

rFire    . . .     SeeInvis .   b - +0 hunting sling
rCold    + . .     Gourm    .   (no shield)
rNeg     + + +     Faith    .   a - +0 robe
rPois    ∞         Spirit   .   (no helmet)
rElec    .         Reflect  .   (no cloak)
rCorr    .         Harm     .   (no gloves)
MR       .....     Rnd*Tele +   (no boots)
Stlth    ++........             (no amulet)
HPRegen  0.00/turn              g - ring of teleportation (curse) {+/*tele, !d}
MPRegen  0.09/turn              (no ring)

@: rotting
A: rotting body, claws 1, carnivore, cold resistance 1, negative energy
resistance 3, inhibited regeneration, torment resistance, unbreathing
a: no special abilities


You were on level 2 of the Dungeon.
You were not hungry.

You visited 1 branch of the dungeon, and saw 2 of its levels.

You collected 67 gold pieces.

Inventory:

Hand Weapons
 b - a +0 hunting sling (weapon)
   (You found it on level 1 of the Dungeon)
Missiles
 d - 41 stones (quivered)
Armour
 a - a +0 robe (worn)
Jewellery
 g - a cursed ring of teleportation (left claw) {+/*tele, !d}
   (You found it on level 1 of the Dungeon)
Scrolls
 h - a scroll of enchant armour {unknown}
Potions
 e - a potion of curing
Comestibles
 c - 2 rations
 f - 10 chunks of flesh {@w0}


   Skills:
 - Level 1.7 Dodging
 - Level 2.1 Stealth
 + Level 2.6 Spellcasting
 + Level 4.6 Necromancy


You had 5 spell levels left.
You knew the following spells:

 Your Spells              Type           Power        Failure   Level  Hunger
a - Pain                  Necr           ##..         4%          1    ##.....
c - Animate Skeleton      Necr           N/A          4%          1    ##.....


Dungeon Overview and Level Annotations

Branches:
Dungeon (2/15)

Altars:

Annotations:
D:2 Robin


Innate Abilities, Weirdness & Mutations

Your body is rotting away.
You thrive on raw meat.
You are immune to poison.
You have sharp fingernails.
You are carnivorous and can eat meat at any time.
Your flesh is cold resistant. (rC+)
You are immune to negative energy. (rN+++)
You do not regenerate when monsters are visible.
You are immune to unholy pain and torment.
You can survive without breathing.


Message History

Aim: a goblin, wielding a dagger (unusually strong)
You shoot a stone. The stone barely misses the goblin.
The goblin hits you with a dagger.
Your goblin skeleton barely misses the goblin.
Firing (i - inventory)
d - 45 stones (quivered)
Press: ? - help, Shift-Dir - straight line, f/p - goblin
Aim: a goblin, wielding a dagger (unusually strong)
You shoot a stone. The stone closely misses the goblin.
The stone hits Robin.
Robin is lightly wounded.
The goblin closely misses you.
Your goblin skeleton misses the goblin.
The goblin barely misses you.
Firing (i - inventory)
d - 44 stones (quivered)
Press: ? - help, Shift-Dir - straight line, f/p - goblin
Aim: a goblin, wielding a dagger (unusually strong)
You shoot a stone. The stone completely misses the goblin.
The stone closely misses the hobgoblin.
The stone closely misses Robin.
The hobgoblin hits your goblin skeleton!
Your goblin skeleton is destroyed!
The goblin hits you with a dagger.
A goblin comes into view.
Firing (i - inventory)
d - 43 stones (quivered)
Press: ? - help, Shift-Dir - straight line, f/p - goblin
Aim: a goblin, wielding a dagger (unusually strong)
You shoot a stone.
The stone hits the goblin but does no damage.
The goblin hits you but does no damage. The hobgoblin barely misses you.
A goblin comes into view.
Casting: Pain (safe; 4% risk of failure)
Confirm with . or Enter, or press ? or * to list all spells.
Aiming: Pain (safe; 4% risk of failure)
Press: ? - help, Shift-Dir - straight line, f/p - goblin
Aim: a goblin, wielding a dagger (unusually strong, chance to defeat MR: 80%)
The goblin writhes in agony!
You kill the goblin!
The hobgoblin hits you.
* * * LOW HITPOINT WARNING * * *
A hobgoblin comes into view. It is wielding a whip.
You swap places.
Robin hits your adder skeleton with a club.
Your adder skeleton barely misses the hobgoblin.
The hobgoblin hits your adder skeleton.
Your adder skeleton bites the hobgoblin.
Robin throws the goblin at you!
* * * LOW HITPOINT WARNING * * *
The hobgoblin hits your adder skeleton.
Your adder skeleton bites the goblin.
The goblin dies!
Something barely misses your adder skeleton.
Robin roars a battlecry!
Your kobold skeleton hits the hobgoblin with a short sword.
The hobgoblin dies!
You hear a shout!
You see here a club.
Robin roars a battlecry!
What are your orders? t - Shout!
Orders for allies: a - Attack new target. r - Retreat! s - Stop attacking. g - Guard the area. f - Follow me.
Anything else - Cancel.
Gang up on whom?
Press: ? - help, Dir - move target cursor, f - Robin
Aim: Robin, wielding a club, wearing an animal skin and wearing a helmet (lightly wounded) Attack!
Your kobold skeleton hits Robin but does no damage.
The goblin hits your kobold skeleton.
Robin roars a battlecry!
The hobgoblin goes into a battle-frenzy!
A hobgoblin comes into view. It is wielding a club.
The hobgoblin hits your kobold skeleton with a club.
The goblin hits your kobold skeleton.
Your kobold skeleton barely misses Robin.
The goblin hits your kobold skeleton.
The hobgoblin hits your kobold skeleton with a club!
Your kobold skeleton is destroyed!
Your adder skeleton bites Robin.
Robin hits your adder skeleton with a club.
Your adder skeleton bites Robin.
The hobgoblin moves out of view.
Robin closely misses your adder skeleton.
A goblin comes into view.
It is wielding a dagger of electrocution.
The goblin no longer looks unusually strong.
Your adder skeleton barely misses Robin.
Robin roars a battlecry!
The goblin goes into a battle-frenzy!
Your adder skeleton bites Robin.
Robin hits your adder skeleton with a club.
A goblin comes into view.
Your adder skeleton bites Robin.
The goblin moves out of view.
Robin throws the goblin at your adder skeleton!
Your adder skeleton is destroyed!
Firing (i - inventory)
d - 42 stones (quivered)
Press: ? - help, Shift-Dir - straight line, f/p - Robin
Aim: Robin, wielding a club, wearing an animal skin and wearing a helmet (heavily wounded, hasn't noticed you)
You shoot a stone.
The stone hits the goblin but does no damage.
Robin throws the goblin at you!
* * * LOW HITPOINT WARNING * * *
The goblin misses you. The goblin hits you.
You die...

####.# ###.# .(.<. ...... ...#
#.#.## ......### #..# #g...
#.......###..## #(#g##
#.......Z...Z.#########....####
#.........##.Z....... .........
###.......###....### #gg..#
#.......###.##.# #.#.##
###.##.......@g######g...###
###. #.##.####g.)(gg.g.......
... #...>####.#######...###.
##.##.##....#.# ..##
.#####....##......# ..#
................### .##
####..#.##.#.## .# #..#.##.#.#
.# #..#.##.#.##


You could see Robin, a hobgoblin and 2 goblins.

Vanquished Creatures
  An adder (D:2)
  A dart slug (D:1)
  3 giant cockroaches
  6 goblins
  2 hobgoblins (D:2)
  3 kobolds
  4 bats
  3 frilled lizards (D:1)
23 creatures vanquished.

Vanquished Creatures (collateral kills)
  An adder (D:2)
  2 goblins
  A hobgoblin (D:2)
4 creatures vanquished.

Grand Total: 27 creatures vanquished

Notes
Turn   | Place    | Note
-------+----------+-------------------------------------------
     0 | D:1      | sankara the Ghoul Necromancer began the quest for the Orb.
     0 | D:1      | Reached XP level 1. HP: 14/14 MP: 2/2
    33 | D:1      | HP: 2/14 [frilled lizard (2)]
    39 | D:1      | Learned a level 1 spell: Animate Skeleton
   424 | D:1      | Reached skill level 2 in Spellcasting
   569 | D:1      | Reached XP level 2. HP: 15/20 MP: 0/4
  1425 | D:2      | Reached XP level 3. HP: 19/26 MP: 0/5
  1591 | D:2      | Noticed Robin
  1599 | D:2      | HP: 4/26 [hobgoblin[Robin] (5)]
  1615 | D:2      | HP: 2/26 [Robin/goblin (1)]
  1617 | D:2      | Slain by a goblin

Vault maps used:
D:1:      minmay_arrival_plants_in_alcoves, serial_corexii_hall,
          corexii_hall_statues_t, corexii_hall_statues_s,
          corexii_hall_statues_t, corexii_hall_statues_l
D:2:      first_ration, kennysheep_doodads, kennysheep_generic_room_14,
          uniq_robin

Skill      XL: |  1 |
---------------+----+-----
Spellcasting   | 2 |  2.6
Dodging        | |  1.7
Stealth        | |  2.1
Necromancy     | |  4.6

Action                   || total
-------------------------++-------
Melee: Unarmed           ||    16
 Fire: Hunting sling     ||    31
 Cast: Pain              ||    40
       Animate Skeleton  ||     8
  Use: Scroll            ||     3
  Eat: Chunk             ||     7
Armor: Robe              ||     5
Dodge: Dodged            ||    28

Table legend:
 A = Spawn XP
 B = Non-spawn XP
 C = Spawn XP percentage of total XP
 D = Spawn monster count
 E = Non-spawn monster count
 F = Spawn count percentage of total count
 G = Total turns spent on level
                    A         B        C        D         E        F      G
               +---------+---------+-------+---------+---------+-------+---------
         Total |       0 |      61 |   0.0 |       0 |      27 |   0.0 |  1617
               +---------+---------+-------+---------+---------+-------+---------
           D:1 |       0 |      23 |   0.0 |       0 |      13 |   0.0 |  1379
           D:2 |       0 |      38 |   0.0 |       0 |      14 |   0.0 |   238
               +---------+---------+-------+---------+---------+-------+---------

Vault maps used:
D:1:      minmay_arrival_plants_in_alcoves, serial_corexii_hall,
          corexii_hall_statues_t, corexii_hall_statues_s,
          corexii_hall_statues_t, corexii_hall_statues_l
D:2:      first_ration, kennysheep_doodads, kennysheep_generic_room_14,
          uniq_robin

Table legend:
 A = Turns spent in this place as a percentage of turns spent in the entire game.
 B = Non-inter-level travel turns spent in this place as a percentage of non-inter-level travel turns spent in the entire game.
 C = Inter-level travel turns spent in this place as a percentage of turns spent in this place.
 D = Turns resting spent in this place as a percentage of non-inter-level travel turns spent in this place.
 E = Turns spent auto-exploring this place as a percentage of non-inter-level travel turns spent in this place.
 F = Non-inter-level travel turns spent in this place divided by the number of levels of this place that you've seen.
                   A       B       C       D       E      F
               +-------+-------+-------+-------+-------+----------------------
         Total | 100.0 | 100.0 |   3.1 |  36.6 |  48.9 | 783.5
       Dungeon | 100.0 | 100.0 |   3.1 |  36.6 |  48.9 | 783.5
               +-------+-------+-------+-------+-------+----------------------

Table legend:
 A = Kills in this place as a percentage of kills in entire the game.
 B = Kills by you in this place as a percentage of kills by you in the entire game.
 C = Kills by friends in this place as a percentage of kills by friends in the entire game.
 D = Other kills in this place as a percentage of other kills in the entire game.
 E = Experience gained in this place as a percentage of experience gained in the entire game.
 F = Experience gained in this place divided by the number of levels of this place that you have seen.
                   A       B       C       D       E      F
               +-------+-------+-------+-------+-------+----------------------
         Total | 100.0 | 100.0 | 100.0 |   N/A | 100.0 |  30.5
       Dungeon | 100.0 | 100.0 | 100.0 |   N/A | 100.0 |  30.5
               +-------+-------+-------+-------+-------+----------------------
